 Dungeon Crawl Stone Soup version 0.32-a0-558-g233958a4c4 (webtiles) character file.

Game seed: 8318412810931646179

1094 senseless the Ducker (level 8, -6/60 (61) HPs)
             Began as a Coglin Gladiator on Feb 29, 2024.
             Was a Follower of Okawaru.
             Mangled by a wight
             ... wielding a +1 battleaxe of freezing
              (13 damage)
             ... on level 6 of the Dungeon.
             The game lasted 00:14:45 (5019 turns).

senseless the Ducker (Coglin Gladiator)             Turns: 5019, Time: 00:14:46

HP:   -6/60 (61)    AC:  9    Str: 14    XL:     8   Next: 31%
MP:   7/8           EV: 15    Int:  9    God:    Okawaru [*.....]
Gold: 283           SH:  0    Dex: 17    Spells: 7/7 levels left

rFire   . . .        h - +1 dagger (freeze) {Surin}
rCold   . . .        f - +1 dagger (venom) {Yeongsuk}
rNeg    + . .        k - +2 leather armour {rN+}
rPois   .            c - +0 helmet
rElec   .            y - +0 cloak
rCorr   .            (no gloves)
SInv    .            j - +1 pair of boots
Will    .....        (amulet unavailable)
Stlth   +            (ring unavailable)
HPRegen 0.30/turn    (ring unavailable)
MPRegen 0.11/turn    (no gizmo)

%: no passive effects
@: lightly drained, revved
A: off-hand wielding, slow wielding, warmup strikes, no jewelry
a: Invent Gizmo, Renounce Religion, Heroism


You were on level 6 of the Dungeon.
You worshipped Okawaru.
Okawaru was aware of your devotion.
You visited 2 branches of the dungeon, and saw 7 of its levels.
You also visited: Sewer.

You collected 283 gold pieces.

Inventory:

Hand Weapons
 a - a +0 long sword {Io}
 f - a +1 dagger of venom (offhand) {Yeongsuk}
 h - a +1 dagger of freezing (weapon) {Surin}
 w - a +0 falchion
Missiles
 d - 5 throwing nets (quivered)
 e - a javelin
 q - 2 poisoned darts
 v - 4 boomerangs
Armour
 c - a +0 helmet (worn)
 j - a +1 pair of boots (worn)
 k - a +2 leather armour of positive energy (worn)
 y - a +0 cloak (worn)
Wands
 b - a wand of digging (5)
 o - a wand of warping (13)
 r - a wand of quicksilver (11)
Scrolls
 t - 3 scrolls of teleportation
 u - 3 scrolls of poison
Potions
 g - a potion of haste
 i - a potion of invisibility
 l - a potion of curing
 m - 3 potions of heal wounds
 n - 2 potions of attraction
 p - 2 potions of might
 s - a potion of berserk rage {unknown}
 x - a potion of cancellation {unknown}
 z - 2 potions of mutation {unknown}
 A - 2 potions of magic {unknown}
 B - a potion of resistance {unknown}


   Skills:
 + Level 4.6 Fighting
 + Level 5.2 Long Blades
 + Level 4.1 Throwing
 * Level 6.1 Dodging


You had 7 spell levels left.
You didn't know any spells.
Your spell library contained the following spells:

 Spells                   Type           Power      Damage    Failure   Level
 Apportation              Tloc           0%         N/A       45%         1
 Necrotise                Necr           0%         1d4       45%         1
 Sting                    Conj/Alch      0%         1d3       45%         1
 Gell's Gravitas          Tloc           0%         N/A       83%         3
 Teleport Other           Tloc           0%         N/A       83%         3
 Dispersal                Tloc           0%         N/A       100%        6
 Summon Small Mammal      Summ           Unusable   N/A       N/A         1

Dungeon Overview and Level Annotations

Branches:
Dungeon (6/15)             Temple (1/1) D:4           Sewer (visited)

Altars:
Ashenzari
Cheibriados
Dithmenos
Elyvilon
Fedhas
Gozag
Hepliaklqana
Kikubaaqudgha
Nemelex Xobeh
Okawaru
Qazlal
Ru
Sif Muna
Uskayaw
Vehumet
Wu Jian
Xom
Yredelemnul
The Shining One


Innate Abilities, Weirdness & Mutations

You can wield a second weapon in your off-hand.
It takes a long time for you to wield or remove held weapons.
Your first few attacks do less damage.
You cannot equip rings or amulets.


Message History

The wight is heavily damaged.
You closely miss the wight with your +1 dagger of venom.
You feel like a meek peon again. The wight closely misses you.
You hit the wight with your +1 dagger of freezing.
The wight is severely damaged.
You hit the wight with your +1 dagger of venom.
The wight closely misses you.
You hit the wight but do no damage.
The wight is almost destroyed.
You hit the wight with your +1 dagger of freezing.
You hit the wight but do no damage.
The wight is almost destroyed.
You hit the wight but do no damage. The wight closely misses you.
You hit the wight but do no damage.
The wight is almost destroyed.
You hit the wight but do no damage.
The wight hits you with a +1 battleaxe of freezing!
* * * LOW HITPOINT WARNING * * *
The wight freezes you.
* * * LOW HITPOINT WARNING * * *
You hit the wight but do no damage.
The wight is almost destroyed.
You barely miss the wight with your +1 dagger of freezing.
The wight hits you with a +1 battleaxe of freezing.
* * * LOW HITPOINT WARNING * * *
The wight freezes you.
* * * LOW HITPOINT WARNING * * *
You hit the wight but do no damage.
The wight is almost destroyed.
You hit the wight with your +1 dagger of venom.
The wight barely misses you.
You hit the wight but do no damage.
The wight is almost destroyed.
You hit the wight but do no damage. The wight closely misses you.
You barely miss the wight with your +1 dagger of freezing.
The wight is almost destroyed.
You hit the wight but do no damage.
The wight hits you with a +1 battleaxe of freezing!
You die...

#############
#!).........#
#@#########.#
#z# #.#
#......# #.#
##...#.#
##### #.#
#..##.#
#>..###.# #..
#.# #.......#
#. ..#
#...##### #
### ##.## #.#


You could see a wight.

Vanquished Creatures
  Sigmund (D:5)
  An ice beast (D:3)
  3 ogres
  2 wights (D:6)
  Crazy Yiuf (D:5)
  3 hounds (D:4)
  An iguana (D:4)
  An orc priest (D:5)
  An orc wizard (D:4)
  A gnoll (D:1)
  10 adders
  2 river rats (Sewer)
  A shadow imp (D:6)
  6 ufetubi
  3 dart slugs
  3 ribbon worms
  14 orcs
  10 endoplasms
  6 giant cockroaches
  8 goblins
  9 hobgoblins
  5 jackals
  9 kobolds
  3 quokkas
  4 ball pythons
  2 bats
  6 frilled lizards
  9 rats
125 creatures vanquished.

Notes
Turn   | Place    | Note
-------+----------+-------------------------------------------
     0 | D:1      | senseless the Coglin Gladiator began the quest for the Orb.
     0 | D:1      | Reached XP level 1. HP: 16/16 MP: 1/1
   166 | D:1      | Reached XP level 2. HP: 22/22 MP: 2/2
   220 | D:1      | Reached skill level 3 in Dodging
   642 | D:1      | Reached XP level 3. HP: 24/27 MP: 3/3
   685 | D:1      | Found a faded altar of an unknown god.
  1193 | D:2      | Found a shimmering blue altar of Sif Muna.
  1417 | D:2      | Reached XP level 4. HP: 34/34 MP: 4/4
  1839 | D:3      | Found a basalt altar of Yredelemnul.
  1850 | D:3      | Noticed an ice beast
  1851 | D:3      | Found a radiant altar of Vehumet.
  1868 | D:3      | Killed an ice beast
  1869 | D:3      | Reached skill level 4 in Dodging
  1869 | D:3      | Reached XP level 5. HP: 41/41 MP: 5/5
  2382 | D:4      | Reached XP level 6. HP: 39/47 MP: 6/6
  2464 | D:4      | Found a glowing drain.
  2468 | Sewer    | Entered a sewer
  2901 | D:4      | Found a staircase to the Ecumenical Temple.
  2917 | D:4      | Found an ornate altar of the Wu Jian Council.
  2928 | Temple   | Entered the Ecumenical Temple
  2953 | Temple   | Became a worshipper of Warmaster Okawaru
  3133 | D:4      | Reached XP level 7. HP: 53/53 MP: 7/7
  3265 | D:4      | Reached skill level 5 in Dodging
  3280 | D:4      | Found a shadowy altar of Dithmenos.
  3332 | D:4      | Found a sparkling altar of Nemelex Xobeh.
  3606 | D:5      | Entered Level 5 of the Dungeon
  3623 | D:5      | Found an opulent altar of Gozag.
  3784 | D:5      | Reached * piety under Okawaru
  3845 | D:5      | Noticed Sigmund
  3855 | D:5      | Killed Sigmund
  3887 | D:5      | Reached skill level 5 in Long Blades
  3887 | D:5      | Reached XP level 8. HP: 25/61 MP: 8/8
  4408 | D:5      | Found a runed translucent door.
  4409 | D:5      | Noticed Crazy Yiuf
  4415 | D:5      | Killed Crazy Yiuf
  4600 | D:6      | Reached skill level 6 in Dodging
  4787 | D:6      | HP: 1/59 [wight/+4 battleaxe (18)]
  5019 | D:6      | Mangled by a wight

Illustrated notes

Levels and vault maps discovered:
D:1:      saegor_arrival_under_anarchy, layout_basic,
          chequers_ecumenical_altar_lobes, minmay_3d_cube
D:2:      layout_loops_ring, basic_altar
D:3:      layout_basic, minitemple
D:4:      layout_loops_ring, kennysheep_mini,
          nicolae_dithmenos_through_a_glass_darkly,
          nemelex_xobeh_ov_fountains_minmay, minmay_temple_entry_arrows,
          gup_sewer_entry_bowl, grunt_decor_cap
D:5:      layout_basic, mainiacjoe_overflow_boulevard, uniq_crazy_yiuf_cottage,
          uniq_sigmund
D:6:      layout_loops_corners, kennysheep_crisscross, uniq_eustachio
Temple:   oiseaux_autumnal_temple

Skill      XL: |  1  2  3  4  5  6  7  8 |
---------------+-------------------------+-----
Dodging        | 3 4 5 6 |  6.1
Throwing       | 2 3 4 |  4.1
Fighting       | 3 4 |  4.6
Long Blades    | 4 5 |  5.2

Action                     |  1- 3 |  4- 6 |  7- 9 || total
---------------------------+-------+-------+-------++-------
  Melee: Long sword        |    12 |       |       ||    12
         Dagger            |   112 |   318 |   350 ||   780
  Throw: Throwing net      |       |       |     2 ||     2
 Invoke: Heroism           |       |       |     1 ||     1
    Use: Scroll            |       |     9 |     5 ||    14
   Stab: Sleeping          |       |     1 |       ||     1
         Held in net/web   |       |       |     3 ||     3
 Armour: Leather armour    |    28 |    60 |    66 ||   154
  Dodge: Dodged            |    32 |    88 |   104 ||   224

Table legend: (Time is in decaauts)
 A = Elapsed time spent in this place.
 B = Non-inter-level travel time spent in this place.
 C = Inter-level travel time spent in this place.
 D = Time resting spent in this place.
 E = Time spent auto-exploring this place.
 F = Levels seen in this place.
 G = Mean time per level.
                   A        B        C        D        E       F      G
               +--------+--------+--------+--------+--------+-----+--------+
         Total |   5050 |   4859 |    191 |    242 |   3590 |   8 |  631.2 |
       Dungeon |   4593 |   4450 |    143 |    242 |   3340 |   6 |  765.5 |
        Temple |     50 |      2 |     48 |      0 |      0 |   1 |   50.0 |
         Sewer |    406 |    406 |      0 |      0 |    250 |   1 |  406.0 |
               +--------+--------+--------+--------+--------+-----+--------+

Top non-repeatable levels by time:
     D:1: 1029 daAuts
     D:4: 901 daAuts
     D:5: 886 daAuts
     D:2: 672 daAuts
     D:3: 603 daAuts
     D:6: 499 daAuts
   Sewer: 406 daAuts
  Temple: 50 daAuts
